 Dungeon Crawl Stone Soup version bcrawl-1.40.3b (webtiles) character file.

Game seed: 6975375942065794450

300052 PlayerOfArmor the Fighter (level 10, -1/100 HPs)
             Began as a Hill Orc Fighter on Mar 20, 2024.
             Was an Elder of Zin.
             Slain by a troll (6 damage)
             ... while petrified by a basilisk
             ... on level 8 of the Dungeon.
             The game lasted 00:15:38 (8310 turns).

PlayerOfArmor the Fighter (Hill Orc Fighter)        Turns: 8310, Time: 00:15:38

Health: -1/100     AC:  9    Str: 28    XL:     10   Next: 49%
Magic:  0/10       EV:  2    Int: 13    God:    Zin [****..]
Gold:   531        SH:  0    Dex: 10    Spells: 9/9 levels left

rFire    + . .     GDR:     25% w - +7 spear of the Singing Vulture {holy, +Rage rPois rF+}
rCold    . . .     SeeInvis .   c - +0 medium shield
rNeg     + + +     Gourm    .   b - +0 scale mail
rPois    ∞         Faith    .   v - +0 helmet
rElec    .         Spirit   .   (no cloak)
rCorr    .         Reflect  .   u - +0 pair of gloves
MR       .....                  (no boots)
Stlth    ..........             (no amulet)
HPRegen  0.26/turn              k - ring of attention (curse)
MPRegen  0.12/turn              x - ring of poison resistance

@: mighty, brilliant, swift, petrified, flying, very quick
A: no striking features
a: Recite, Vitalisation, Manna, Imprison, Donate Gold, Renounce Religion,
Convert to Beogh, Evoke Berserk Rage


You were on level 8 of the Dungeon.
You worshipped Zin.
Zin was greatly pleased with you.
You were very hungry.

You visited 2 branches of the dungeon, and saw 9 of its levels.
You also visited: Ossuary and Bailey.

You collected 589 gold pieces.
You donated 58 gold pieces to Zin.

Inventory:

Hand Weapons
 w - the +7 spear of the Singing Vulture (weapon) {holy, +Rage rPois rF+}
   (You found it on level 4 of the Dungeon)

   It has been blessed by the Shining One to cause great damage to the undead
   and demons.
   It protects you from fire.
   It protects you from poison.
   It lets you go berserk.
Armour
 b - a +0 scale mail (worn)
 c - a +0 medium shield (worn)
 u - a +0 pair of gloves (worn)
 v - a +0 helmet (worn)
Jewellery
 k - a cursed ring of attention (left hand)
 x - a ring of poison resistance (right hand)
 C - an uncursed ring of flight {unknown}
 D - an uncursed ring of see invisible
 L - an uncursed ring of positive energy {unknown}
 M - an uncursed ring of protection from magic {unknown}
Scrolls
 a - a scroll of immolation {unknown}
 e - 3 scrolls of amnesia {unknown}
 f - 2 scrolls of fear {unknown}
 g - 6 scrolls of remove curse {unknown}
 i - 11 scrolls of identify
 j - 4 scrolls of enchant weapon {unknown}
 m - 4 scrolls of teleportation {unknown}
 o - 3 scrolls of fog {unknown}
 s - 5 scrolls of revelation {unknown}
 t - a scroll of enchant armour {unknown}
 y - a scroll of noise {unknown}
 E - a scroll of vulnerability {unknown}
 K - a scroll of blinking {unknown}
Potions
 h - a potion of brilliance
 l - a potion of flight
 n - a potion of heal wounds
 q - 5 potions of curing
 r - 2 potions of haste {unknown}
 z - 2 potions of cancellation {unknown}
 A - 2 potions of agility {unknown}
 B - 3 potions of invisibility {unknown}
 F - a potion of lignification {unknown}
 G - a potion of mutation {unknown}
 H - a potion of berserk rage {unknown}
 I - a potion of degeneration {unknown}
 J - 2 potions of resistance
Comestibles
 p - 14 rations {!d}


   Skills:
 + Level 12.7 Fighting
   Level 12.7 Short Blades
   Level 12.7 Long Blades
   Level 12.7 Axes
   Level 12.7 Maces & Flails
   Level 12.7 Polearms
   Level 12.7 Staves
 - Level 3.2 Armour
 - Level 3.2 Shields
   Level 12.7 Unarmed Combat


You had 9 spell levels left.
You didn't know any spells.
Your spell library contained the following spells:

 Spells                   Type           Power        Failure   Level  Hunger
 Slow                     Hex            #.......     65%         1    None
 Ensorcelled Hibernation  Hex/Ice        #.....       77%         2    ####...
 Confuse                  Hex            #.......     91%         3    #####..
 Dazzling Orbs            Conj/Hex       #......      91%         3    #####..
 Tukima's Dance           Hex            #.......     91%         3    #####..
 Cause Fear               Hex            #.........   99%         4    ######.


Dungeon Overview and Level Annotations

Branches:
Dungeon (8/12)             Temple (1/1) D:6
   Lair: D:7-9          Orc: D:8-11

Altars:
Ashenzari
Cheibriados
Dithmenos
Elyvilon
Fedhas
Hepliaklqana
Kikubaaqudgha
Lugonu
Makhleb
Nemelex Xobeh
Okawaru
Qazlal
Ru
Sif Muna
Trog
Uskayaw
Wu Jian
Yredelemnul
Zin
The Shining One

Annotations:
D:8 3 runed translucent doors, tronn's ghost, novice OpAc


Message History

The basilisk gazes at you.
Your limbs have turned to stone.
You have turned to stone.
The basilisk gazes at you. You resist with some effort.
The orc priest invokes the aid of Beogh against you.
Beogh smites you!
* * * LOW HITPOINT WARNING * * *
The troll bites you.
* * * LOW HITPOINT WARNING * * *
The troll claws you.
* * * LOW HITPOINT WARNING * * *
The troll claws you!
* * * LOW HITPOINT WARNING * * *
The orc warrior hits you from afar with a +1 antimagic halberd!
* * * LOW HITPOINT WARNING * * *
You feel your power leaking away.
An orc comes into view.
The orc shouts!
The troll bites you!
You die...

##................
#....o............
#.............###.
#.............#
#o......###...#
#..l....# #...#
#o......# ########
#T###########.#.#.
#@######8.#.#.#.#.
#.................
#.................
#.......8.#.#.#.#.
#####.####..#⌠#_#_#.##
#...[(####..##########
##)####.....#.........
#.# #.....#.........
#<# #.............(.


You could see a troll, a basilisk, an orc warrior, an orc priest and an orc.

Vanquished Creatures
  A troll (D:7)
  Prince Ribbit (D:6)
  Sigmund (D:5)
  Eustachio (D:4)
  A hungry ghost (D:4)
  A steam dragon (D:7)
  A hornet zombie (D:8)
  A phantom (D:8)
  An ice beast (D:6)
  2 sky beasts (D:4)
  2 kobold brigands (D:7)
  4 bullfrogs
  5 gnoll sergeants
  4 centaurs
  11 scorpions
  6 killer bees (D:8)
  A howler monkey (D:4)
  3 wights (D:7)
  An orc priest (D:6)
  6 crimson imps
  A jelly (D:8)
  A human zombie (Ossuary)
  2 gnoll shamans (Bailey)
  A bullfrog skeleton (D:5)
  3 hounds
  12 orc wizards
  Natasha (thrice) (D:4)
  Terence (D:3)
  An iguana (D:5)
  3 worker ants
  A hound zombie (D:5)
  2 hound skeletons
  3 mummies (Ossuary)
  A worker ant zombie (D:5)
  15 gnolls
  A centaur zombie (Ossuary)
  2 howler monkey skeletons
  3 scorpion zombies (Ossuary)
  8 adders
  A shadow imp (D:5)
  An ooze (D:2)
  An adder zombie (D:6)
  2 adder skeletons
  3 worms
  2 dart slugs
  7 leopard geckos
  18 orcs
  6 bats
  5 giant cockroaches
  A gnoll zombie (Ossuary)
  7 goblins
  5 hobgoblins
  2 jackals (D:6)
  14 kobolds
  A quokka (D:2)
  4 frilled lizards
  A goblin zombie (Ossuary)
  4 hobgoblin zombies (Ossuary)
  4 kobold zombies (Ossuary)
  An orc zombie (Ossuary)
  A quokka skeleton (D:5)
  A rat (D:1)
210 creatures vanquished.

Vanquished Creatures (others)
  A quokka (D:4)
1 creature vanquished.

Grand Total: 211 creatures vanquished

Notes
Turn   | Place    | Note
-------+----------+-------------------------------------------
     0 | D:1      | PlayerOfArmor the Hill Orc Fighter began the quest for the
                  | Orb.
     0 | D:1      | Reached XP level 1. HP: 19/19 MP: 1/1
   115 | D:1      | Reached XP level 2. HP: 26/26 MP: 2/2
   546 | D:1      | Reached XP level 3. HP: 33/33 MP: 3/3
   806 | D:1      | Reached skill level 4 in Fighting
  1163 | D:2      | Reached XP level 4. HP: 41/41 MP: 4/4
  1687 | D:3      | Reached skill level 5 in Fighting
  1687 | D:3      | Reached XP level 5. HP: 48/48 MP: 5/5
  1926 | D:3      | Noticed Terence
  1930 | D:3      | Killed Terence
  1979 | D:4      | Found a white marble altar of Elyvilon.
  1984 | D:4      | Got an encrusted spear
  1986 | D:4      | Identified the +7 spear of the Singing Vulture {holy, +Rage
                  | rPois rF+} (You found it on level 4 of the Dungeon)
  1990 | D:4      | Noticed a hungry ghost
  1997 | D:4      | Killed a hungry ghost
  1998 | D:4      | Reached skill level 6 in Fighting
  1998 | D:4      | Reached XP level 6. HP: 55/57 MP: 6/6
  2167 | D:4      | Noticed Eustachio
  2181 | D:4      | Noticed a sky beast
  2190 | D:4      | Killed Eustachio
  2191 | D:4      | Reached skill level 7 in Fighting
  2191 | D:4      | Reached XP level 7. HP: 54/66 MP: 7/7
  2354 | D:4      | Noticed Natasha
  2365 | D:4      | Killed Natasha
  2585 | D:4      | Noticed Natasha
  2591 | D:4      | Killed Natasha
  2596 | D:4      | Reached skill level 8 in Fighting
  2596 | D:4      | Reached XP level 8. HP: 70/74 MP: 8/8
  2621 | D:4      | Noticed Natasha
  2626 | D:4      | Killed Natasha
  3116 | D:5      | Entered Level 5 of the Dungeon
  3288 | D:5      | Noticed Sigmund
  3305 | D:5      | Killed Sigmund
  3306 | D:5      | Reached skill level 9 in Fighting
  3838 | D:5      | Noticed a troll
  4164 | D:6      | Noticed Prince Ribbit
  4190 | D:6      | Killed Prince Ribbit
  4191 | D:6      | Reached XP level 9. HP: 40/85 MP: 9/9
  4312 | D:6      | Reached skill level 10 in Fighting
  4321 | D:6      | HP: 1/85 [ice beast (14)]
  4545 | D:6      | Found a sand-covered staircase.
  4552 | Ossuary  | Entered an ossuary
  4899 | Ossuary  | Reached skill level 11 in Fighting
  5147 | D:6      | Found a staircase to the Ecumenical Temple.
  5182 | Temple   | Entered the Ecumenical Temple
  5232 | Temple   | Became a worshipper of Zin the Law-Giver
  5232 | Temple   | Reached * piety under Zin
  5271 | D:6      | Reached ** piety under Zin
  5904 | D:7      | Noticed a troll
  6112 | D:7      | Killed a troll
  6545 | D:7      | Reached *** piety under Zin
  6548 | D:7      | Found a burning altar of Makhleb.
  6560 | D:7      | Reached XP level 10. HP: 97/97 MP: 10/10
  6761 | D:7      | Reached skill level 12 in Fighting
  7325 | D:8      | Noticed tronn's ghost (novice OpAc)
  7327 | D:8      | Found a runed translucent gate.
  7327 | D:8      | Identified the +7 whip of Kiuraten {drain, Int+5}
  7341 | D:8      | Found a runed translucent gate.
  7341 | D:8      | Found a runed translucent gate.
  7343 | D:8      | Noticed a kobold demonologist
  7386 | D:8      | Found a flagged portal.
  7397 | D:8      | Reached **** piety under Zin
  7436 | D:8      | Found an iron altar of Okawaru.
  7437 | D:8      | Found a shimmering blue altar of Sif Muna.
  7437 | D:8      | Found an ornate altar of the Wu Jian Council.
  7438 | D:8      | Found an ancient bone altar of Kikubaaqudgha.
  7508 | Bailey   | Entered a bailey
  8309 | D:8      | HP: 4/100 [orc warrior/+1 antimagic halberd (5)]
  8310 | D:8      | Slain by a troll

Skill      XL: |  1  2  3  4  5  6  7  8  9 10 |
---------------+-------------------------------+-----
Fighting       | 4 5 6 7 8 9 11 12 | 12.7
Short Blades   | | 12.7
Long Blades    | | 12.7
Axes           | | 12.7
Maces & Flails | | 12.7
Polearms       | | 12.7
Staves         | | 12.7
Armour         | |  3.2
Shields        | |  3.2
Unarmed Combat | | 12.7

Action                   |  1- 3 |  4- 6 |  7- 9 | 10-12 || total
-------------------------+-------+-------+-------+-------++-------
Melee: War axe           |   136 |    40 |       |       ||   176
       Spear             |       |    56 |   404 |   279 ||   739
Invok: Recite            |       |       |     1 |     1 ||     2
  Use: Scroll            |       |     1 |     1 |       ||     2
       Potion            |       |       |     2 |     5 ||     7
 Stab: Confused          |       |       |     1 |       ||     1
  Eat: Chunk             |     4 |     3 |    17 |     4 ||    28
       Ration            |       |     1 |     2 |     1 ||     4
Armor: Scale mail        |    74 |    41 |   100 |    52 ||   267
Dodge: Dodged            |    23 |    19 |    52 |    26 ||   120
Block: Medium shield     |    83 |    41 |   132 |    98 ||   354
